 Dungeon Crawl Stone Soup version 0.19.1-1-g22dce08 (webtiles) character file.

110175 Megalobster the Eclecticist (level 16, -6/141 HPs)
             Began as a Deep Elf Conjurer on Jan 16, 2017.
             Was the Champion of Vehumet.
             Mangled by a war axe of electrocution (8 damage)
             ... on level 1 of the Elven Halls.
             The game lasted 05:14:54 (31560 turns).

Megalobster the Eclecticist (Deep Elf Conjurer)    Turns: 31560, Time: 05:14:54

Health: -6/141     AC: 28    Str:  7    XL:     16   Next: 6%
Magic:  26/42      EV:  2    Int: 29    God:    Vehumet [******]
Gold:   2665       SH:  5    Dex: 15    Spells: 12 memorised, 9 levels left

rFire  . . .     SeeInvis .     a - staff of conjuration
rCold  . . .     Gourm    .     (armour currently unavailable)
rNeg   + + +     Faith    .     y - +0 buckler
rPois  +         Spirit   .     (helmet currently unavailable)
rElec  .         Reflect  .     (cloak currently unavailable)
rCorr  .         Harm     .     (gloves currently unavailable)
MR     +....     NoTele   +     (boots currently unavailable)
Stlth  ++........               O - amulet of magic regeneration
                                q - +3 ring of intelligence
                                B - +3 ring of evasion

@: tree-form
A: rugged brown scales 1, blurry vision 1, (cold resistance 0), high mp 1,
mutation resistance 1, wild magic 1, no device heal 1, MP-powered wands
a: Renounce Religion


You were on level 1 of the Elven Halls.
You worshipped Vehumet.
Vehumet was exalted by your worship.
You were not hungry.
You were a tree.
You visited 5 branches of the dungeon, and saw 25 of its levels.
You also visited: Ice Cave.

You collected 2859 gold pieces.
You spent 194 gold pieces at shops.

Inventory:

Armour
 p - a +2 robe of magic resistance (melded)
 s - a +0 pair of gloves (melded)
 v - a +2 robe of fire resistance
 y - a +0 buckler (worn)
 A - a +2 robe of the Archmagi
 M - a +0 pair of boots (melded)
 P - a +0 cloak (melded)
 U - a +1 robe of cold resistance
 V - a +1 helmet (melded)
Magical Staves
 a - an uncursed staff of conjuration (weapon)
 J - an uncursed staff of energy
 K - an uncursed staff of wizardry
Jewellery
 b - an uncursed ring of flight
 l - an uncursed ring of resist corrosion
 q - a +3 ring of intelligence (right branch)
 B - a +3 ring of evasion (left branch)
 C - a +3 ring of protection
 D - an uncursed ring of see invisible
 O - an amulet of magic regeneration (around neck)
Wands
 c - a wand of flame (34/48)
 n - a wand of slowing (24/48)
 z - a wand of acid (1/15)
 R - a wand of disintegration (5/24)
 X - a wand of digging (15/24)
Scrolls
 e - 14 scrolls of teleportation
 h - 2 scrolls of amnesia
 r - 7 scrolls of remove curse
 w - 5 scrolls of identify
 x - 3 scrolls of fog
 Q - a scroll of blinking
Potions
 d - 3 potions of brilliance
 j - 3 potions of haste
 k - 3 potions of curing
 m - 2 potions of heal wounds
 o - 2 potions of lignification
 t - a potion of cure mutation
 u - a potion of cancellation
 S - 3 potions of ambrosia
 Y - a potion of resistance
Books
 i - a book of Callings

   Spells                             Type                      Level
   a - Summon Small Mammal            Summoning                    1
   b - Call Imp                       Summoning                    2
   c - Call Canine Familiar           Summoning                    3
   d - Summon Guardian Golem          Hexes/Summoning              3
   e - Summon Lightning Spire         Summoning/Air                4
   f - Summon Ice Beast               Ice/Summoning                4
 L - a book of Changes

   Spells                             Type                      Level
   a - Beastly Appendage              Transmutation                1
   b - Sticks to Snakes               Transmutation                2
   c - Spider Form                    Transmutation/Poison         3
   d - Ice Form                       Ice/Transmutation            4
   e - Blade Hands                    Transmutation                5
 T - a book of the Earth

   Spells                             Type                      Level
   a - Leda's Liquefaction            Hexes/Earth                  4
   b - Bolt of Magma                  Conjuration/Fire/Earth       5
   c - Statue Form                    Transmutation/Earth          6
   d - Iron Shot                      Conjuration/Earth            6
   e - Shatter                        Earth                        9
Miscellaneous
 W - a disc of storms
Comestibles
 f - 35 fruits
 g - 5 bread rations
 I - 5 meat rations


   Skills:
 + Level 7.6 Fighting
 - Level 1.8 Staves
 + Level 11.1 Dodging
 - Level 2.4 Stealth
 + Level 3.5 Shields
 * Level 16.8 Spellcasting
 * Level 15.3 Conjurations
 - Level 12.0 Charms
 - Level 3.0 Summonings
 * Level 13.2 Fire Magic
 + Level 6.4 Air Magic
 - Level 6.0 Evocations


You had 9 spell levels left.
You knew the following spells:

 Your Spells              Type           Power        Failure   Level  Hunger
a - Magic Dart            Conj           ####         1%          1    None
b - Searing Ray           Conj           ######       1%          2    None
c - Dazzling Spray        Conj/Hex       ######       1%          3    None
d - Iskenderun's Battles  Conj/Chrm      ########     1%          5    None
e - Iskenderun's Mystic   Conj           ########     1%          4    None
f - Freeze                Ice            ####         1%          1    None
g - Flame Tongue          Conj/Fire      #####        1%          1    None
h - Fulminant Prism       Conj/Hex       #######...   1%          4    None
i - Mephitic Cloud        Conj/Pois/Air  #######.     1%          3    None
j - Lightning Bolt        Conj/Air       ########..   1%          5    None
k - Bolt of Fire          Conj/Fire      ########..   1%          6    ###....
l - Summon Lightning Spi  Summ/Air       ######..     6%          4    None


Dungeon Overview and Level Annotations

Branches:
Dungeon (15/15) Temple (1/1) D:4 Lair (6/6) D:10 Swamp (0/4) Lair:4 Snake (0/4) Lair:2 Slime (0/5) Lair:5 Orc (2/2) D:12 Elf (1/3) Orc:2 Vaults (0/5) D:12 D:13 Depths (0/5) D:15

Altars:
Ashenzari
Cheibriados
Dithmenos
Elyvilon
Fedhas
Gozag
Hepliaklqana
Kikubaaqudgha
Makhleb
Nemelex Xobeh
Okawaru
Qazlal
Ru
Sif Muna
Trog
Uskayaw
Vehumet
Xom
Yredelemnul
Zin
The Shining One
Beogh

Shops:
D:11 *   D:14 (   Orc:2 [(?*

Portals:
Trove: D:10 (give +6 demon whip)

Annotations:
D:8 exclusion: ice statue


Innate Abilities, Weirdness & Mutations

(You are partially covered in rugged brown scales. (AC +1, +3% HP))
Scrolls take you a little longer to read.
((Your flesh is cold resistant. (rC+)))
You have an increased reservoir of magic. (+10% MP)
You are somewhat resistant to further mutation.
Your spells are a little harder to cast, but a little more powerful.
Potions and wands are less effective at restoring your health.
You expend magic power (3 MP) to strengthen your wands.


Message History

* * * LOW HITPOINT WARNING * * *
The searing ray hits the war axe of electrocution.
The war axe of electrocution is moderately damaged.
The war axe of electrocution hits you but does no damage.
The searing ray hits the war axe of electrocution.
The war axe of electrocution is moderately damaged.
The war axe of electrocution hits you but does no damage.
The searing ray misses the war axe of electrocution.
You finish channeling your searing ray.
The war axe of electrocution hits you but does no damage.
Casting: Searing Ray
Confirm with . or Enter, or press ? or * to list all spells.
Aiming: Searing Ray
Press: ? - help, Shift-Dir - straight line, f/p - war axe of electrocution
Aim: a war axe of electrocution (moderately damaged)
You feel a surge of power!
The searing ray hits the war axe of electrocution.
The war axe of electrocution is severely damaged.
The war axe of electrocution hits you!
You die...

#.. .. .. ##. #### #
..# #. #.# ####))##♣#
#+# .....))((## #.#
###########.[###.(###.#
#......###. ###..#.##
.....8..# ##....#
........## #...##
.........### #...#
...........# #.#.#
)8.)...8.#.# ##.#.#


You could see a war axe of electrocution.

Vanquished Creatures
  Kirke (D:12)
  An orc warlord (Orc:2)
  The ghost of dngmouse the Severer, a journeyman MiFi of Okawaru (Orc:2)
  A stone giant (Orc:1)
  Azrael (Orc:2)
  The ghost of Mefis the Thaumaturge, a journeyman DEWz of Sif Muna (Lair:4)
  A white draconian (IceCv)
  Nessos (D:12)
  Snorg (D:11)
  An ettin (Orc:2)
  Josephine (D:10)
  A deep elf high priest (Elf:1)
  7 hydras
  An ogre mage (D:15)
  A merfolk avatar (Lair:6)
  5 centaur warriors
  6 death yaks
  A tengu warrior (D:14)
  Urug (Lair:2)
  An orc high priest (Orc:2)
  Sonja (D:11)
  A deep elf knight (Elf:1)
  The ghost of Paps the Protected, a novice GrFi of Okawaru (D:8)
  An unseen horror (D:13)
  3 sea snakes (Lair:6)
  A flayed ghost (D:11)
  A harpy (Lair:6)
  12 deep elf magi
  4 hill giants
  7 orc knights
  5 orc sorcerers
  2 oklob plants
  3 ugly things (D:14)
  The ghost of dscm the Covert, a novice OpAs of Uskayaw (D:6)
  A manticore (D:14)
  3 cyclopes
  16 elephants
  A naga mage (D:15)
  6 black mambas
  2 gargoyles
  An eye of devastation (Lair:5)
  A torpor snail (Lair:2)
  18 spiny frogs
  3 rime drakes (Lair:6)
  10 komodo dragons
  5 ice devils (D:8)
  A redback zombie (D:14)
  A tengu conjurer (D:11)
  10 trolls
  3 hornets
  2 two-headed ogres
  A wind drake (Lair:6)
  17 polar bears
  A wolf spider simulacrum (D:15)
  10 slime creatures
  13 dream sheep (Lair:6)
  9 hippogriffs
  7 blink frogs (Lair:5)
  An air elemental (Elf:1)
  A vampire (D:13)
  6 wyverns
  15 humans
  32 yaks
  2 shadows
  5 wraiths
  A fire elemental (Orc:1)
  5 hogs (D:12)
  A vampire mosquito (D:12)
  Grum (D:11)
  A basilisk (Lair:6)
  2 steam dragons
  4 wargs
  A soldier ant (D:12)
  2 mottled dragons
  2 nagas (Lair:2)
  2 insubstantial wisps (D:11)
  12 water moccasins
  5 porcupines
  4 hell hounds
  2 black bears
  31 orc warriors
  16 ogres
  6 phantoms
  3 ice beasts
  6 sky beasts
  8 centaurs
  2 eyes of draining
  23 wolves
  12 crocodiles
  A big kobold (D:9)
  13 bullfrogs
  An earth elemental (Elf:1)
  A wyvern zombie (D:13)
  5 scorpions
  13 killer bees
  17 wights
  4 howler monkeys
  3 electric eels
  2 crimson imps (D:5)
  5 centaur zombies
  A lava snake (Lair:4)
  2 quasits
  24 orc priests
  5 hounds
  5 jellies
  2 bullfrog skeletons
  Crazy Yiuf (D:6)
  28 orc wizards
  4 centaur skeletons
  4 iguanas
  14 worker ants
  Natasha (twice) (D:4)
  7 hell rats (Lair:2)
  A mummy (D:6)
  8 adders
  2 river rats (D:10)
  10 shadow imps
  12 white imps (Lair:1)
  5 ufetubi (D:8)
  An ooze (D:1)
  2 adder zombies
  3 adder skeletons
  A dart slug (D:2)
  A worm (D:3)
  6 leopard geckos
  78 orcs
  4 ball pythons
  16 bats
  5 giant cockroaches
  10 goblins
  10 hobgoblins
  11 jackals
  12 kobolds
  3 quokkas
  5 frilled lizards
  A hobgoblin zombie (D:6)
  A jackal skeleton (D:7)
  A jackal zombie (D:7)
  2 kobold zombies (D:6)
  An orc zombie (D:6)
  A quokka skeleton (D:4)
  A quokka zombie (D:6)
  16 rats
  4 fulminant prisms
  17 fungi
  26 plants (Lair:3)
875 creatures vanquished.

Vanquished Creatures (collateral kills)
  The ghost of Exporg the Basher, a novice MiFi of Trog (Orc:1)
  A deep troll earth mage (D:11)
  A deep elf mage (D:15)
  3 ugly things
  A guardian serpent (D:15)
  A human (D:12)
  2 vampire mosquitoes
  A warg (D:15)
  A mottled dragon (D:12)
  An ogre (D:13)
  A centaur (D:13)
  A hound (D:12)
  2 orc wizards
  2 orcs
19 creatures vanquished.

Vanquished Creatures (others)
  2 polar bears (IceCv)
  A yak (IceCv)
  A wolf (IceCv)
  A jackal (D:3)
  62 fulminant prisms
  4 fungi
  14 plants
85 creatures vanquished.

Grand Total: 979 creatures vanquished

Notes
Turn   | Place    | Note
-------+----------+-------------------------------------------
     0 | D:1      | Megalobster the Deep Elf Conjurer began the quest for the Orb.
     0 | D:1      | Reached XP level 1. HP: 10/10 MP: 6/6
   264 | D:1      | Reached XP level 2. HP: 15/15 MP: 4/8
   329 | D:1      | Learned a level 2 spell: Searing Ray
   691 | D:1      | Reached skill level 5 in Conjurations
   923 | D:1      | Reached XP level 3. HP: 19/19 MP: 6/10
  1214 | D:2      | Found a shimmering altar of Xom.
  1518 | D:2      | Learned a level 3 spell: Dazzling Spray
  1616 | D:2      | Found a radiant altar of Vehumet.
  1625 | D:2      | Became a worshipper of Vehumet
  1732 | D:2      | Reached skill level 4 in Spellcasting
  1732 | D:2      | Reached XP level 4. HP: 24/24 MP: 8/12
  2452 | D:3      | Found a white marble altar of Elyvilon.
  2580 | D:3      | Found a faded altar of an unknown god.
  2960 | D:4      | Reached XP level 5. HP: 28/28 MP: 8/13
  2967 | D:4      | Learned a level 5 spell: Iskenderun's Battlesphere
  3158 | D:4      | Found a staircase to the Ecumenical Temple.
  3173 | D:4      | Reached skill level 1 in Charms
  3263 | Temple   | Entered the Ecumenical Temple
  3998 | D:4      | Reached skill level 5 in Spellcasting
  4170 | D:4      | Noticed Natasha
  4175 | D:4      | Killed Natasha
  4175 | D:4      | Reached XP level 6. HP: 32/32 MP: 11/15
  4341 | D:4      | Noticed Natasha
  4347 | D:4      | Killed Natasha
  4347 | D:4      | Reached * piety under Vehumet
  4347 | D:4      | Offered knowledge of Freeze by Vehumet.
  4357 | D:4      | Learned a level 4 spell: Iskenderun's Mystic Blast
  4439 | D:5      | Entered Level 5 of the Dungeon
  4453 | D:5      | Found an iron altar of Okawaru.
  4524 | D:5      | Reached skill level 5 in Charms
  4524 | D:5      | Reached XP level 7. HP: 35/36 MP: 12/17
  4532 | D:5      | Learned a level 1 spell: Freeze
  4678 | D:5      | Reached skill level 6 in Spellcasting
  5742 | D:6      | Reached ** piety under Vehumet
  5745 | D:6      | Offered knowledge of Flame Tongue by Vehumet.
  5745 | D:6      | Reached XP level 8. HP: 41/41 MP: 11/20
  5748 | D:6      | Learned a level 1 spell: Flame Tongue
  5808 | D:6      | Noticed dscm's ghost (novice OpAs)
  5814 | D:6      | Killed dscm's ghost
  5814 | D:6      | Reached skill level 7 in Spellcasting
  5814 | D:6      | Reached skill level 1 in Fire Magic
  6555 | D:6      | Found a runed door.
  6559 | D:6      | Noticed Crazy Yiuf
  6563 | D:6      | Killed Crazy Yiuf
  6621 | D:6      | Reached XP level 9. HP: 45/45 MP: 15/22
  6627 | D:6      | Learned a level 4 spell: Fulminant Prism
  6732 | D:7      | Reached skill level 5 in Dodging
  6878 | D:7      | Reached skill level 8 in Spellcasting
  6881 | D:7      | Reached skill level 1 in Staves
  6881 | D:7      | Reached skill level 10 in Charms
  6889 | D:7      | Offered knowledge of Mephitic Cloud by Vehumet.
  6889 | D:7      | Reached skill level 1 in Fighting
  6894 | D:7      | Learned a level 3 spell: Mephitic Cloud
  7210 | D:7      | Reached *** piety under Vehumet
  7582 | D:7      | Offered knowledge of Inner Flame by Vehumet.
  7897 | D:7      | Reached skill level 9 in Spellcasting
  8185 | D:8      | Noticed an ice devil
  8188 | D:8      | Noticed an ice devil
  8201 | D:8      | Noticed an ice devil
  8205 | D:8      | Killed an ice devil
  8206 | D:8      | Noticed an ice devil
  8207 | D:8      | Noticed an ice devil
  8238 | D:8      | Reached XP level 10. HP: 41/52 MP: 5/25
  8522 | D:8      | Reached skill level 5 in Fire Magic
  8523 | D:8      | Noticed Paps's ghost (novice GrFi)
  8534 | D:8      | Killed Paps's ghost
  8789 | D:8      | Reached skill level 1 in Evocations
  9032 | D:8      | Reached skill level 10 in Spellcasting
  9032 | D:8      | Reached skill level 10 in Conjurations
  9040 | D:8      | Reached **** piety under Vehumet
  9186 | D:8      | Noticed an ice statue
 10070 | D:8      | Found a burning altar of Makhleb.
 10143 | D:9      | Offered knowledge of Venom Bolt by Vehumet.
 10614 | D:9      | Found a sparkling altar of Nemelex Xobeh.
 10699 | D:9      | Gained mutation: Your flesh is cold resistant. (rC+) [mutagenic meat]
 10700 | D:9      | Gained mutation: Your mind is acute. (Int +2) [mutagenic meat]
 10702 | D:9      | Gained mutation: You are agile. (Dex +2) [mutagenic meat]
 11190 | D:10     | Entered Level 10 of the Dungeon
 11326 | D:10     | Noticed Josephine
 11330 | D:10     | Reached XP level 11. HP: 59/59 MP: 15/27
 11337 | D:10     | Killed Josephine
 11547 | D:10     | Found a staircase to the Lair.
 11846 | D:10     | Found a portal to a secret trove of treasure.
 11856 | D:10     | Reached skill level 11 in Spellcasting
 12221 | Lair:1   | Entered Level 1 of the Lair of Beasts
 12245 | Lair:1   | Reached ***** piety under Vehumet
 12309 | Lair:1   | Noticed a six-headed hydra
 12317 | Lair:1   | Killed a six-headed hydra
 12574 | Lair:1   | Found a frozen archway.
 12574 | Lair:1   | Offered knowledge of Lightning Bolt by Vehumet.
 12602 | IceCv    | Entered an ice cave
 13262 | IceCv    | Noticed a death yak
 13304 | IceCv    | Reached XP level 12. HP: 48/66 MP: 13/29
 13316 | IceCv    | Killed a death yak
 13624 | IceCv    | Noticed a white draconian
 13631 | IceCv    | Reached skill level 12 in Spellcasting
 13757 | IceCv    | Killed a white draconian
 14020 | Lair:2   | Noticed Urug
 14301 | Lair:2   | Learned a level 5 spell: Lightning Bolt
 14338 | Lair:2   | Reached skill level 5 in Evocations
 14378 | Lair:2   | Found a staircase to the Snake Pit.
 14439 | Lair:2   | Reached skill level 1 in Air Magic
 14690 | Lair:2   | Killed Urug
 15233 | Lair:3   | Offered knowledge of Bolt of Fire by Vehumet.
 15241 | Lair:3   | Learned a level 6 spell: Bolt of Fire
 15484 | Lair:3   | Reached skill level 13 in Spellcasting
 15751 | Lair:3   | Found a blossoming altar of Fedhas.
 16220 | Lair:4   | Noticed Mefis's ghost (journeyman DEWz)
 16223 | Lair:4   | Noticed a four-headed hydra
 16224 | Lair:4   | Killed a four-headed hydra
 16224 | Lair:4   | Reached XP level 13. HP: 72/72 MP: 15/32
 16538 | Lair:4   | Found a staircase to the Swamp.
 16669 | Lair:4   | Killed Mefis's ghost
 16824 | Lair:4   | Gained mutation: You can translocate small distances at will. [potion of mutation]
 16824 | Lair:4   | Gained mutation: Your mind is very acute. (Int +4) [potion of mutation]
 16824 | Lair:4   | Gained mutation: You possess an exceptional clarity of mind. [potion of mutation]
 17471 | Lair:5   | Reached skill level 5 in Fighting
 17566 | Lair:5   | Reached skill level 10 in Fire Magic
 18043 | Lair:5   | Found a staircase to the Slime Pits.
 18311 | Lair:5   | Found a sacrificial altar of Ru.
 18567 | Lair:6   | Entered Level 6 of the Lair of Beasts
 18648 | Lair:6   | Reached skill level 14 in Spellcasting
 19028 | Lair:6   | Offered knowledge of Ozocubu's Refrigeration by Vehumet.
 19845 | Lair:6   | Reached XP level 14. HP: 73/79 MP: 26/34
 20782 | Lair:6   | Reached skill level 15 in Spellcasting
 21307 | Lair:6   | Lost mutation: You are agile. (Dex +2) [potion of cure mutation]
 21307 | Lair:6   | Lost mutation: You possess an exceptional clarity of mind. [potion of cure mutation]
 21307 | Lair:6   | Lost mutation: You can translocate small distances at will. [potion of cure mutation]
 21307 | Lair:6   | Lost mutation: Your mind is very acute. (Int +4) [potion of cure mutation]
 21307 | Lair:6   | Lost mutation: Your mind is acute. (Int +2) [potion of cure mutation]
 21544 | D:11     | Noticed Sonja
 21550 | D:11     | Killed Sonja
 21553 | D:11     | Noticed Grum
 21561 | D:11     | Killed Grum
 21688 | D:11     | Learned a level 4 spell: Summon Lightning Spire
 21726 | D:11     | Noticed Snorg
 21730 | D:11     | Killed Snorg
 21730 | D:11     | Reached skill level 10 in Dodging
 21730 | D:11     | Reached skill level 5 in Air Magic
 21763 | D:11     | Paralysed by a hornet for 2 turns
 22120 | D:11     | Got a shimmering eveningstar {drain}
 22266 | D:11     | Got an iridescent scythe
 22272 | D:11     | Identified the +1 scythe of Circularity {venom, +Fly rPois rF++ Str-2} (You found it on level 11 of the Dungeon)
 22273 | D:11     | Identified the +7 eveningstar of the Lair of Beasts {drain, +Blink rF- Int+3} (You took it off an orc warrior on level 11 of the Dungeon)
 22598 | D:11     | Offered knowledge of Delayed Fireball by Vehumet.
 22610 | D:11     | Found Ithit's General Store.
 22697 | D:12     | Found a staircase to the Orcish Mines.
 22697 | D:12     | Noticed Nessos
 22934 | D:12     | Killed Nessos
 23150 | D:12     | Found a roughly hewn altar of Beogh.
 23165 | D:12     | Gained mutation: Your spells are a little harder to cast, but a little more powerful. [mutagenic meat]
 23166 | D:12     | Gained mutation: You expend magic power (3 MP) to strengthen your wands. [mutagenic meat]
 23167 | D:12     | Gained mutation: You are partially covered in rugged brown scales. (AC +1, +3% HP) [mutagenic meat]
 23169 | D:12     | Gained mutation: Scrolls take you a little longer to read. [mutagenic meat]
 23183 | D:12     | Killed Kirke
 23188 | D:12     | Reached skill level 1 in Shields
 24059 | D:13     | Found a gate to the Vaults.
 24561 | D:13     | Offered knowledge of Poison Arrow by Vehumet.
 24738 | D:13     | Reached skill level 1 in Summonings
 24865 | D:13     | Reached XP level 15. HP: 77/87 MP: 28/36
 25877 | D:14     | Reached skill level 16 in Spellcasting
 26124 | D:14     | Gained mutation: You are somewhat resistant to further mutation. [mutagenic meat]
 26125 | D:14     | Gained mutation: Potions and wands are less effective at restoring your health. [mutagenic meat]
 26205 | D:14     | Found Wegisun's Weapon Emporium.
 26316 | D:15     | Entered Level 15 of the Dungeon
 26488 | D:15     | Found a bloodstained altar of Trog.
 26566 | D:15     | Offered knowledge of Bolt of Cold by Vehumet.
 26860 | D:15     | Got an ichor-stained scale mail
 27012 | D:15     | Found a staircase to the Depths.
 27564 | Lair:4   | Gained mutation: You have an increased reservoir of magic. (+10% MP) [potion of mutation]
 27849 | Orc:1    | Entered Level 1 of the Orcish Mines
 28089 | Orc:1    | Reached skill level 15 in Conjurations
 28143 | Orc:1    | Found an iron altar of Okawaru.
 28349 | Orc:2    | Entered Level 2 of the Orcish Mines
 28387 | Orc:1    | Noticed Exporg's ghost (novice MiFi)
 28425 | Orc:2    | Noticed dngmouse's ghost (journeyman MiFi)
 28439 | Orc:2    | Noticed Azrael
 28727 | Orc:1    | Killed Exporg's ghost
 28986 | Orc:2    | Killed Azrael
 29440 | Orc:2    | Reached ****** piety under Vehumet
 29752 | Orc:2    | Found a radiant altar of Vehumet.
 29757 | Orc:2    | Killed dngmouse's ghost
 30176 | Orc:2    | Found a roughly hewn altar of Beogh.
 30182 | Orc:2    | Found Kics's Magic Scroll Shop.
 30314 | Orc:2    | Found a staircase to the Elven Halls.
 30532 | Orc:2    | Found a roughly hewn altar of Beogh.
 30645 | Orc:2    | Offered knowledge of Spellforged Servitor by Vehumet.
 30646 | Orc:2    | Noticed an orc warlord
 30652 | Orc:2    | Killed an orc warlord
 30727 | Orc:2    | Found Pucvyfes's Antique Weapon Shoppe.
 30731 | Orc:2    | Found Nibaica's Antique Armour Emporium.
 30732 | Orc:2    | Found a roughly hewn altar of Beogh.
 30748 | Orc:2    | Bought an embroidered robe for 194 gold pieces
 30871 | Orc:2    | Found a roughly hewn altar of Beogh.
 30895 | Orc:2    | Found Leclixke's General Store.
 31126 | Elf:1    | Entered Level 1 of the Elven Halls
 31458 | Elf:1    | Reached XP level 16. HP: 94/94 MP: 34/42
 31556 | Elf:1    | HP: 1/141 [war axe of electrocution (15)]
 31560 | Elf:1    | Mangled by a war axe of electrocution

Skill      XL: |  1  2  3  4  5  6  7  8  9 10 11 12 13 14 15 |
---------------+----------------------------------------------+-----
Conjurations   | 5 6 7 8 9 10 11 12 13 14 15 | 15.3
Spellcasting   | 4 5 6 7 9 10 11 13 14 15 16 | 16.8
Charms         | 3 5 7 9 10 11 12 | 12.0
Dodging        | 3 4 5 6 7 8 9 10 11 | 11.1
Fire Magic     | 2 4 6 8 9 11 12 13 | 13.2
Staves         | 1 |  1.8
Fighting       | 1 2 3 4 5 6 7 |  7.6
Evocations     | 2 4 5 6 |  6.0
Air Magic      | 2 4 5 6 |  6.4
Shields        | 1 3 |  3.5
Summonings     | 1 3 |  3.0
Stealth        | |  2.4

Action                   |  1- 3 |  4- 6 |  7- 9 | 10-12 | 13-15 | 16-18 || total
-------------------------+-------+-------+-------+-------+-------+-------++-------
Melee: Dagger            |     1 |     1 |       |       |       |       ||     2
       Flail             |       |       |     2 |       |       |       ||     2
       Quarterstaff      |       |       |       |     4 |       |       ||     4
       Staff             |       |       |       |     3 |     4 |       ||     7
 Cast: Magic Dart        |    65 |    57 |   138 |   235 |   226 |     7 ||   728
       Searing Ray       |     4 |    13 |    26 |    36 |    29 |     3 ||   111
       Iskenderun's Batt |       |       |    23 |    77 |   133 |     2 ||   235
       Flame Tongue      |       |       |     5 |    58 |    88 |     2 ||   153
       Iskenderun's Myst |       |       |     8 |    11 |    10 |       ||    29
       Fulminant Prism   |       |       |     6 |    38 |    22 |       ||    66
       Mephitic Cloud    |       |       |     6 |    27 |    43 |       ||    76
       Freeze            |       |       |       |    27 |    53 |     3 ||    83
       Dazzling Spray    |       |       |       |     1 |    13 |       ||    14
       Lightning Bolt    |       |       |       |    26 |    94 |     4 ||   124
       Bolt of Fire      |       |       |       |     7 |   168 |     2 ||   177
       Summon Lightning  |       |       |       |       |    27 |       ||    27
 Abil: Blink             |       |       |       |       |     4 |       ||     4
       Evoke Flight      |       |       |       |       |     1 |       ||     1
Evoke: Wand              |       |       |       |     1 |     9 |       ||    10
  Use: Scroll            |       |     5 |     4 |    12 |    14 |       ||    35
       Potion            |       |       |       |     6 |    19 |     2 ||    27
  Eat: Chunk             |     2 |     5 |     9 |    10 |    38 |       ||    64
       Beef jerky        |       |     1 |     2 |     1 |     1 |       ||     5
       Bread ration      |       |     1 |     1 |     4 |     7 |       ||    13
       Pizza             |       |       |     1 |     1 |     2 |       ||     4
       Royal jelly       |       |       |       |       |     1 |       ||     1
       Fruit             |       |       |       |       |     5 |       ||     5
Armor: Robe              |       |     4 |     7 |    25 |    36 |       ||    72
       Skin              |       |       |       |       |    34 |     6 ||    40
Dodge: Dodged            |     7 |     9 |    33 |   157 |   213 |       ||   419
Block: Buckler           |       |       |       |       |    32 |     2 ||    34
